 Dungeon Sprint DCSS version 0.31-a0-43-g46d131a48f (webtiles) character file.

Game seed: 12179408733804600358

19821 sircluck the Wrestler (level 12, -22/119 HPs)
             Began as a Troll Berserker on May 18, 2023.
             Was an Elder of Trog.
             Killed by an exploding ball lightning (45 damage)
             ... in the Dungeon (Sprint I: "Red Sonja").
             The game lasted 00:14:04 (2510 turns).

sircluck the Wrestler (Troll Berserker)             Turns: 2510, Time: 00:14:05

Health: -22/119    AC: 10    Str: 38    XL:     12   Next: 39%
Magic:  0/9        EV: 12    Int:  3    God:    Trog [****..]
Gold:   1545       SH:  0    Dex:  7    Spells: 11/11 levels left

rFire   . .          .
                       - Unarmed
rCold   x . .        (no shield)
rNeg    . . .        o - +2 troll leather armour
rPois   .            (helmet restricted)
rElec   .            j - +0 cloak
rCorr   .            (gloves unavailable)
SInv    .            (boots unavailable)
Will    .....        (no amulet)
Stlth   +            q - +6 ring of strength
HPRegen 1.99/turn    (no ring)
MPRegen 0.11/turn

%: no teleportation
@: on berserk cooldown, slowed, unable to read, very slow
A: large, unfitting armour, claws 3, regeneration 1, shaggy fur 1, tough skin 1,
clumsy 1, frail 1, low MP 1, cold vulnerability 1, inability to read after
injury 1
a: Renounce Religion, Berserk, Trog's Hand, Brothers in Arms


You were in the Dungeon.
You worshipped Trog.
Trog was greatly pleased with you.
You visited 1 branch You collected 2504 gold pieces.
You spent 959 gold pieces at shops.

Inventory:

Missiles
 k - 22 stones (quivered)
 l - 6 silver javelins
Armour
 a - a +0 animal skin
 j - a +0 cloak (worn)
 o - a +2 troll leather armour (worn)
 u - +0 shadow dragon scales
Jewellery
 q - a +6 ring of strength (left claw)
Wands
 h - a wand of iceblast (9)
 m - a wand of polymorph (14)
Scrolls
 i - 6 scrolls of identify {unknown}
 n - a scroll of vulnerability {unknown}
 r - a scroll of enchant weapon {unknown}
Potions
 b - 5 potions of curing
 c - 4 potions of heal wounds
 d - a potion of haste
 e - 2 potions of magic
 f - a potion of berserk rage
 p - a potion of mutation {unknown}
 s - a potion of attraction {unknown}
 t - a potion of ambrosia {unknown}
 v - a potion of brilliance {unknown}
Miscellaneous
 g - a box of beasts


   Skills:
 + Level 12.5 Fighting
 + Level 1.1 Throwing
 + Level 6.3 Armour
 + Level 13.8 Dodging
 + Level 1.5 Stealth
 + Level 22.6 Unarmed Combat
 + Level 1.5 Evocations


You had 11 spell levels left.
You didn't know any spells.
Your spell library was empty.

Dungeon Overview and Level Annotations

Branches:
Dungeon (1/1)

Altars:
Cheibriados
Dithmenos
Elyvilon
Fedhas
Gozag
Hepliaklqana
Kikubaaqudgha
Makhleb
Nemelex Xobeh
Okawaru
Qazlal
Ru
Sif Muna
Trog
Uskayaw
Vehumet
Wu Jian
Xom
Yredelemnul
Zin
The Shining One
Jiyva
Lugonu

Shops:
D *(![?:!([(*(**=(:[=[[[

Annotations:
D Lernaean hydra, Lom Lobon


Innate Abilities, Weirdness & Mutations

You are too large for most types of armour.
You have claws for hands.
Your natural rate of healing is unusually fast.
You are covered in fur. (AC +1)
You have tough skin. (AC +1)
You are clumsy. (Dex -2)
You are frail. (-10% HP)
Your magical capacity is low. (-10% MP)
You are vulnerable to cold. (rC-)
You occasionally lose the ability to read scrolls when taking damage.


Message History

You feel yourself slow down.
Lom Lobon gestures.
Lom Lobon blinks!
Unknown command.
Aiming: Polymorph
Press: ? - help, Q - select action, (/) - cycle Shift-Dir - straight line, f - Lom Lobon
Aim: Lom Lobon (surrounded by restless winds, infinite will)
Okay, then.
Unknown command.
You feel much better.
Lom Lobon gestures. 3 ball lightnings come into view.
The 27-headed Lernaean hydra comes into view.
The 27-headed Lernaean hydra roars deafeningly!
The ball lightning explodes!
The blast of lightning engulfs you!!
The blast of lightning engulfs the ball lightning.
The ball lightning completely resists.
The blast of lightning engulfs Lom Lobon.
Lom Lobon completely resists.
The blast of lightning engulfs the ball lightning.
The ball lightning completely resists.
Lom Lobon completely misses you.
The ball lightning explodes!
The blast of lightning engulfs Lom Lobon.
Lom Lobon completely resists.
The blast of lightning engulfs you!!!
You feel threatened and lose the ability to read scrolls!
* * * LOW HITPOINT WARNING * * *
The blast of lightning engulfs the ball lightning.
The ball lightning completely resists.
You hear a shout!
You eviscerate Lom Lobon!!! Your claw misses Lom Lobon.
Lom Lobon is lightly wounded.
Lom Lobon hits you.
* * * LOW HITPOINT WARNING * * *
You feel your power leaking away.
You completely miss Lom Lobon.
Lom Lobon is lightly wounded.
The ball lightning explodes!
The blast of lightning engulfs you!!!
You die...

#§#
##§§§#######)#§§§.§#####
§§# ###+# #..#..§.§#...#
### #.# #..##.§.§#.∩.#
☼°#
#..###$#..≈###'##...#
°°+
##.#A#$#).≈..#.####'#
..# .###$#§.≈.##'#§§§.##
..#
##..$#§.≈##.§†§.§..##
°## +###.§≈#..§..§§§..#
.# #.≈@.##.....§§§§.##
+# #.≈&.#..§.§.§.....#
###..#...§.§§.§...#
#.'.§##.§........##
#.##D##......§...#
#^#~~~##........##
#§#~~~~##......##
&.#~~~~~########
§####~~~~#


You could see Lom Lobon (gusty) and the 27-headed Lernaean hydra.

Vanquished Creatures
  A deep elf annihilator (D)
  A mummy priest (D)
  A hydra (D)
  2 centaur warriors (D)
  Sonja (D)
  A deep troll (D)
  A lindwurm (D)
  2 oklob plants (D)
  3 shining eyes (D)
  2 merfolk sirens (D)
  3 demonic crawlers (D)
  2 gargoyles (D)
  2 kobold demonologists (D)
  2 unseen horrors (D)
  A hellwing (D)
  5 hornets (D)
  A slime creature (D)
  Sigmund (D)
  A yak (D)
  13 hogs (D)
  2 redbacks (D)
  4 floating eyes (D)
  An ogre (D)
  7 necrophages (D)
  8 jellies (D)
  Ijyb (D)
69 creatures vanquished.

Vanquished Creatures (collateral kills)
  A golden dragon (D)
  5 shining eyes (D)
  A demonic crawler (D)
  3 floating eyes (D)
10 creatures vanquished.

Vanquished Creatures (others)
  A shadow dragon (D)
  6 ball lightnings (D)
  2 ballistomycete spores (D)
9 creatures vanquished.

Grand Total: 88 creatures vanquished

Notes
Turn   | Place    | Note
-------+----------+-------------------------------------------
     0 | D        | sircluck the Troll Berserker began the quest for the Orb.
     0 | D        | Reached XP level 1. HP: 22/22 MP: 0/0
     1 | D        | Noticed Ijyb
    13 | D        | Killed Ijyb
    14 | D        | Reached skill level 4 in Unarmed Combat
    14 | D        | Reached XP level 2. HP: 25/32 MP: 1/1
    24 | D        | Noticed an ogre
    31 | D        | Killed an ogre
    32 | D        | Reached skill level 5 in Fighting
    32 | D        | Reached skill level 6 in Unarmed Combat
    32 | D        | Reached XP level 3. HP: 30/42 MP: 2/2
    32 | D        | Reached XP level 4. HP: 35/50 MP: 3/3
    57 | D        | Noticed Sigmund
    62 | D        | Killed Sigmund
    62 | D        | Reached ** piety under Trog
    63 | D        | Reached skill level 8 in Unarmed Combat
    63 | D        | Reached XP level 5. HP: 59/61 MP: 4/4
    63 | D        | Reached XP level 6. HP: 66/68 MP: 5/5
    78 | D        | Found an ornate altar of the Wu Jian Council.
    78 | D        | Found a shimmering blue altar of Sif Muna.
    92 | D        | Found a radiant altar of Vehumet.
   112 | D        | Found Kugem's Antique Armour Emporium.
   112 | D        | Found an ancient bone altar of Kikubaaqudgha.
   112 | D        | Found a hazy altar of Hepliaklqana.
   112 | D        | Found a stormy altar of Qazlal.
   112 | D        | Found a hide-covered altar of Uskayaw.
   112 | D        | Found a blossoming altar of Fedhas.
   112 | D        | Found a bloodstained altar of Trog.
   112 | D        | Found an iron altar of Okawaru.
   112 | D        | Found a basalt altar of Yredelemnul.
   112 | D        | Found a glowing golden altar of the Shining One.
   112 | D        | Found a snail-covered altar of Cheibriados.
   112 | D        | Found a sacrificial altar of Ru.
   112 | D        | Found a glowing silver altar of Zin.
   112 | D        | Found a shadowy altar of Dithmenos.
   112 | D        | Found a white marble altar of Elyvilon.
   112 | D        | Noticed a yak
   121 | D        | Killed a yak
   122 | D        | Reached skill level 9 in Unarmed Combat
   122 | D        | Found an opulent altar of Gozag.
   143 | D        | Found a sparkling altar of Nemelex Xobeh.
   151 | D        | Bought a fine robe for 153 gold pieces
   151 | D        | Identified the +0 robe of Ottais {Str-5 SInv Stlth+} (You
                  | bought it in a shop in the Dungeon)
   151 | D        | Bought a cloak for 121 gold pieces
   183 | D        | Noticed Sonja
   189 | D        | Killed Sonja
   189 | D        | Reached *** piety under Trog
   190 | D        | Reached skill level 11 in Unarmed Combat
   190 | D        | Reached XP level 7. HP: 81/81 MP: 6/6
   256 | D        | Found a burning altar of Makhleb.
   256 | D        | Found a viscous altar of Jiyva.
   256 | D        | Found a shimmering altar of Xom.
   256 | D        | Found a corrupted altar of Lugonu.
   256 | D        | Noticed a slime creature
   266 | D        | Killed a slime creature
   267 | D        | Reached skill level 12 in Unarmed Combat
   267 | D        | Reached XP level 8. HP: 84/89 MP: 7/7
   280 | D        | Noticed a kobold demonologist
   280 | D        | Noticed a kobold demonologist
   281 | D        | Noticed a hellwing
   283 | D        | Noticed a sun demon
   285 | D        | Killed a kobold demonologist
   285 | D        | Reached **** piety under Trog
   288 | D        | Killed a kobold demonologist
   289 | D        | Reached skill level 13 in Unarmed Combat
   321 | D        | Found Qyuch's General Store.
   343 | D        | Noticed a deep troll
   348 | D        | Killed a deep troll
   349 | D        | Reached skill level 14 in Unarmed Combat
   349 | D        | Reached XP level 9. HP: 101/101 MP: 8/8
   402 | D        | Found Wuoneret's Armour Emporium.
   431 | D        | Noticed a centaur warrior
   432 | D        | Noticed a centaur warrior
   454 | D        | Killed a centaur warrior
   455 | D        | Reached skill level 10 in Fighting
   455 | D        | Reached skill level 10 in Dodging
   457 | D        | Killed a centaur warrior
   457 | D        | Reached ***** piety under Trog
   458 | D        | Reached skill level 15 in Unarmed Combat
   484 | D        | Noticed an oklob plant
   491 | D        | Killed an oklob plant
   492 | D        | Reached skill level 16 in Unarmed Combat
   492 | D        | Reached XP level 10. HP: 71/111 MP: 9/9
   497 | D        | Received a gift from Trog
   655 | D        | Received a gift from Trog
   675 | D        | Reached skill level 17 in Unarmed Combat
   700 | D        | Paralysed by a floating eye for 2 turns
   710 | D        | Reached ****** piety under Trog
   716 | D        | Received a gift from Trog
   738 | D        | Identified the +1 mace of Righteous Anger {pain, rF+ Int+4}
   742 | D        | Found Maattuuth's Weapon Shoppe.
   742 | D        | Found Heshrotoi's Distillery.
   742 | D        | Found Nevaahat's Antique Armour Boutique.
   744 | D        | Found Mikitagu's Weapon Emporium.
   744 | D        | Found Sivamu Iluwn's General Store.
   744 | D        | Found Jofiwny's Weapon Shoppe.
   744 | D        | Found Taimnalu's General Store.
   744 | D        | Found Lafowk's Assorted Antiques.
   744 | D        | Found Riagiwof's Jewellery Shop.
   744 | D        | Found Birphuo's Weapon Shoppe.
   756 | D        | Found Ycafiasu's Book Boutique.
   757 | D        | Found Anuozuth's Jewellery Emporium.
   757 | D        | Found Kuromud's Armour Boutique.
   758 | D        | Found Hiddy's Armour Emporium.
   762 | D        | Bought a +6 ring of strength for 432 gold pieces
   780 | D        | Bought 2 potions of heal wounds for 110 gold pieces
   780 | D        | Bought a potion of heal wounds for 55 gold pieces
   780 | D        | Bought a potion of heal wounds for 55 gold pieces
   819 | D        | Noticed a shining eye
   819 | D        | Noticed a shining eye
   819 | D        | Noticed a shining eye
   823 | D        | Killed a shining eye
   825 | D        | Killed a shining eye
   826 | D        | Reached skill level 18 in Unarmed Combat
   828 | D        | Gained mutation: You are vulnerable to cold. (rC-) [a
                  | shining eye]
   833 | D        | Noticed a shining eye
   834 | D        | Killed a shining eye
   835 | D        | Noticed a shining eye
   838 | D        | Killed a shining eye
   838 | D        | Killed a shining eye
   839 | D        | Reached skill level 19 in Unarmed Combat
   839 | D        | Reached XP level 11. HP: 120/120 MP: 10/10
   843 | D        | Noticed a shining eye
   843 | D        | Gained mutation: You sometimes lose your temper in combat.
                  | [a shining eye]
   847 | D        | Gained mutation: Your magical capacity is low. (-10% MP) [a
                  | shining eye]
   854 | D        | Gained mutation: You occasionally lose the ability to read
                  | scrolls when taking damage. [a shining eye]
   864 | D        | Gained mutation: You are frail. (-10% HP) [a shining eye]
   868 | D        | Killed a shining eye
   870 | D        | Noticed a shining eye
   870 | D        | Noticed a shining eye
   870 | D        | Gained mutation: You are clumsy. (Dex -2) [a shining eye]
   872 | D        | Paralysed by a floating eye for 2 turns
   879 | D        | Paralysed by a floating eye for 2 turns
   882 | D        | Lost mutation: You sometimes lose your temper in combat. [a
                  | shining eye]
   885 | D        | Killed a shining eye
   885 | D        | Received a gift from Trog
   887 | D        | Killed a shining eye
   899 | D        | Found Ukiewn's Magic Scroll Shop.
   899 | D        | Found Tefagrutin's Antique Weapon Shoppe.
   899 | D        | Found Xoteac's Book Boutique.
   899 | D        | Found Peamm's Distillery.
   955 | D        | Reached skill level 1 in Throwing
   955 | D        | Reached skill level 20 in Unarmed Combat
   961 | D        | Received a gift from Trog
   962 | D        | Reached skill level 1 in Armour
  1041 | D        | Noticed a lindwurm
  1045 | D        | Killed a lindwurm
  1226 | D        | Reached skill level 21 in Unarmed Combat
  1229 | D        | Received a gift from Trog
  1273 | D        | Noticed a 12-headed hydra
  1321 | D        | Killed a 16-headed hydra
  1372 | D        | Noticed a daeva
  1390 | D        | Noticed a deep elf annihilator
  1427 | D        | Received a gift from Trog
  1446 | D        | Reached skill level 1 in Stealth
  1750 | D        | Killed a deep elf annihilator
  1751 | D        | Reached skill level 5 in Armour
  1751 | D        | Reached XP level 12. HP: 112/118 MP: 9/9
  1756 | D        | Noticed a mummy priest
  1833 | D        | Bought a potion of flight for 33 gold pieces
  2233 | D        | Noticed a shadow dragon
  2236 | D        | Noticed a golden dragon
  2244 | D        | Killed a shadow dragon
  2245 | D        | Reached skill level 22 in Unarmed Combat
  2252 | D        | Killed a golden dragon
  2261 | D        | Identified the +6 great sword of Hacking and Slashing
                  | {flame, rElec Str+3 Dex+3}
  2332 | D        | Found Gacwar's Antique Armour Shoppe.
  2395 | D        | Reached skill level 1 in Evocations
  2439 | D        | Killed a mummy priest
  2489 | D        | Noticed Lom Lobon
  2508 | D        | Noticed the 27-headed Lernaean hydra
  2510 | D        | Killed by an exploding ball lightning

Illustrated notes

Levels and vault maps discovered:
D:        dungeon_sprint_1 [red_sonja_temple_1, red_sonja_temple_small_1]

Skill      XL: |  1  2  3  4  5  6  7  8  9 10 11 12 |
---------------+-------------------------------------+-----
Fighting       | 3 5 6 8 9 10 11 12 | 12.5
Dodging        | 3 4 6 8 9 10 11 13 | 13.8
Unarmed Combat | 4 6 8 11 12 14 16 19 21 22 | 22.6
Throwing       | 1 |  1.1
Armour         | 5 6 |  6.3
Stealth        | 1 |  1.5
Evocations     | 1 |  1.5

Action                     |  1- 3 |  4- 6 |  7- 9 | 10-12 || total
---------------------------+-------+-------+-------+-------++-------
  Melee: Unarmed           |    16 |    18 |    28 |   133 ||   195
         Punch             |     1 |       |     6 |    13 ||    20
  Throw: Stone             |       |       |     1 |       ||     1
 Invoke: Berserk           |       |     1 |     2 |     4 ||     7
         Brothers in Arms  |       |       |       |     9 ||     9
  Evoke: Wand              |     1 |       |       |    14 ||    15
    Use: Scroll            |       |       |       |     1 ||     1
         Potion            |       |       |       |     2 ||     2
 Armour: Animal skin       |     2 |     2 |     7 |    14 ||    25
         Troll leather arm |       |       |       |    50 ||    50
  Dodge: Dodged            |     6 |     4 |    12 |    69 ||    91

Table legend: (Time is in decaauts)
 A = Elapsed time spent in this place.
 B = Non-inter-level travel time spent in this place.
 C = Inter-level travel time spent in this place.
 D = Time resting spent in this place.
 E = Time spent auto-exploring this place.
 F = Levels seen in this place.
 G = Mean time per level.
                   A        B        C        D        E       F      G
               +--------+--------+--------+--------+--------+-----+--------+
         Total |   2521 |   2416 |    105 |    907 |    196 |   1 | 2521.0 |
       Dungeon |   2521 |   2416 |    105 |    907 |    196 |   1 | 2521.0 |
               +--------+--------+--------+--------+--------+-----+--------+

Top non-repeatable levels by time:
       D: 2521 daAuts
